 Dungeon Crawl Stone Soup version 0.31-a0-875-g02e7d12df6 (webtiles) character file.

Game seed: 1643778722387188177

2517 Azuregosa the Fighter (level 9, -13/75 HPs)
             Began as a Mummy Cinder Acolyte on Oct 12, 2023.
             Was a High Priest of Ignis.
             Mangled by a two-headed ogre
             ... wielding a +0 giant spiked club
              (18 damage)
             ... on level 9 of the Dungeon.
             The game lasted 00:37:56 (7425 turns).

Azuregosa the Fighter (Mummy Cinder Acolyte)        Turns: 7425, Time: 00:37:57

Health: -13/75     AC: 14    Str: 24    XL:     9   Next: 29%
Magic:  20/20      EV:  9    Int: 13    God:    Ignis [*****.]
Gold:   393        SH:  6    Dex:  8    Spells: 10/10 levels left

rFire   + . .        e - +8 dagger of Joyful Slaughter {venom, rElec rF+ Str+3}
rCold   + + .        v - +2 buckler
rNeg    + + +        l - +5 scale mail {rC+}
rPois   ∞            r - +0 helmet
rElec   +            (no cloak)
rCorr   .            i - +0 pair of gloves
SInv    .            (no boots)
Will    +....        q - amulet of the acrobat Stlth
                     f - ring of magical power
HPRegen 0.32/turn    (no ring)
MPRegen 0.17/turn

%: acrobat, faith
@: no status effects
A: cold resistance 1, negative energy resistance 3, torment resistance 2, heat
vulnerability 1, in touch with death 1, no potions, faith
a: Renounce Religion, Fiery Armour, Foxfire Swarm, Rising Flame


You were on level 9 of the Dungeon.
You worshipped Ignis.
Ignis was extremely pleased with you.
You visited 2 branches of the dungeon, and saw 11 of its levels.
You also visited: Sewer.

You collected 445 gold pieces.
You spent 52 gold pieces at shops.

Inventory:

Hand Weapons
 e - the +8 dagger of Joyful Slaughter (weapon) {venom, rElec rF+ Str+3}
   (You found it on level 2 of the Dungeon)

   Str+3:     It affects your strength (+3).
   rF+:       It protects you from fire.
   rElec:     It insulates you from electricity.
Armour
 b - a +0 robe
 c - a +0 scale mail
 h - a +0 chain mail
 i - a +0 pair of gloves (worn)
 l - a +5 scale mail of cold resistance (worn)
 r - a +0 helmet (worn)
 v - a +2 buckler (worn)
Jewellery
 f - a ring of magical power (left hand)
 q - an amulet of the acrobat (around neck)
Wands
 a - a wand of quicksilver (3)
 u - a wand of paralysis (6)
Scrolls
 d - 2 scrolls of identify
 g - 2 scrolls of revelation
 j - 2 scrolls of torment
 k - 3 scrolls of poison
 m - a scroll of blinking {unknown}
 n - 4 scrolls of amnesia
 o - 3 scrolls of noise
 p - 4 scrolls of teleportation
 t - 3 scrolls of enchant weapon
Miscellaneous
 s - a lightning rod (4/4)


   Skills:
 + Level 8.5 Fighting
 + Level 6.4 Short Blades
 - Level 2.5 Polearms
 + Level 3.2 Armour
 + Level 3.2 Shields
 - Level 1.3 Spellcasting
 - Level 2.4 Fire Magic


You had 10 spell levels left.
You didn't know any spells.
Your spell library contained the following spells:

 Spells                   Type           Power      Damage    Failure   Level
 Scorch                   Fire           14%        2d5       41%         2
 Lesser Beckoning         Tloc           0%         N/A       75%         2
 Gell's Gravitas          Tloc           0%         N/A       93%         3
 Stone Arrow              Conj/Erth      0%         3d7       93%         3
 Teleport Other           Tloc           0%         N/A       93%         3
 Animate Armour           Summ/Erth      0%         N/A       100%        4
 Summon Hydra             Summ           0%         N/A       100%        7
 Lehudib's Crystal Spear  Conj/Erth      0%         10d2      100%        8
 Sublimation of Blood     Necr           Unusable   N/A       N/A         2
 Wereblood                Tmut           Unusable   N/A       N/A         2

Dungeon Overview and Level Annotations

Branches:
Dungeon (10/15)            Temple (1/1) D:4           Sewer (visited)
   Lair: D:8-11         Orc: D:9-12

Altars:
Ashenzari
Cheibriados
Dithmenos
Gozag
Hepliaklqana
Kikubaaqudgha
Makhleb
Nemelex Xobeh
Okawaru
Qazlal
Sif Muna
Uskayaw
Vehumet
Wu Jian
Xom

Shops:
D:5 *


Innate Abilities, Weirdness & Mutations

You are immune to poison.
Your flesh is cold resistant. (rC+)
You are immune to negative energy. (rN+++)
You are immune to unholy pain and torment.
You are vulnerable to heat. (rF-)
You are in touch with the powers of death.
You do not drink.
You have a special connection with the divine. (Faith)


Message History

The two-headed ogre looks as sick as possible!
The two-headed ogre is moderately wounded.
You hit the two-headed ogre.
The two-headed ogre looks as sick as possible!
The two-headed ogre is moderately wounded.
The two-headed ogre hits you with a +0 giant spiked club!
The two-headed ogre hits you with a +0 giant club!
* * * LOW HITPOINT WARNING * * *
You hit the two-headed ogre but do no damage.
The two-headed ogre is moderately wounded.
Aiming: Paralyse
Press: ? - help, Shift-Dir - straight line, f - two-headed ogre
Aim: a two-headed ogre, wielding a +0 giant spiked club and a +0 giant club (moderately wounded, extremely poisoned, chance to affect: 31%)
The two-headed ogre easily resists.
The two-headed ogre hits you with a +0 giant spiked club.
* * * LOW HITPOINT WARNING * * *
The two-headed ogre hits you with a +0 giant club!
* * * LOW HITPOINT WARNING * * *
Aiming: Paralyse
Press: ? - help, Shift-Dir - straight line, f/p - two-headed ogre
Aim: a two-headed ogre, wielding a +0 giant spiked club and a +0 giant club (moderately wounded, extremely poisoned, chance to affect: 31%)
The two-headed ogre easily resists.
You hit the two-headed ogre.
The two-headed ogre looks as sick as possible!
The two-headed ogre is heavily wounded.
You block the two-headed ogre's attack. The two-headed ogre barely misses you.
You hit the two-headed ogre.
The two-headed ogre is heavily wounded.
You hit the two-headed ogre but do no damage.
The two-headed ogre looks as sick as possible!
The two-headed ogre is heavily wounded.
The two-headed ogre closely misses you. You block the two-headed ogre's attack.
You hit the two-headed ogre.
The two-headed ogre looks as sick as possible!
The two-headed ogre is severely wounded.
You puncture the two-headed ogre!
The two-headed ogre looks as sick as possible!
The two-headed ogre is almost dead.
The two-headed ogre hits you with a +0 giant spiked club!!
You die...

####### ######
#.....#######.....
#.##.....K......#.
#.##...###+####.#.
######.##..### #.#.
#......##.##.# #.#.
######.####.##.8.o$
#... #....#.#
#.#.....$ #.#.
#....#.####@#..O.)$
#.#K
#....#.##...O..8..$
#...
#.>....##.#....##.#
#.#. #....)..#.####..#
#.#.
#................#
+####...
####....##...####.....
......#.
........####.# ...
#..... ####....####.#
... #####.
#...#+#<.....# #.


You could see a two-headed ogre (extremely poisoned).

Vanquished Creatures
  A two-headed ogre (D:10)
  An unseen horror (D:10)
  A steam dragon (D:8)
  2 orc warriors (D:8)
  2 ogres
  A centaur (D:5)
  A kobold brigand (D:9)
  2 bullfrogs
  A scorpion (D:6)
  A howler monkey (D:6)
  An orc priest (D:8)
  2 hounds (D:5)
  A gnoll bouda (D:8)
  3 iguanas
  Natasha (thrice) (D:4)
  4 orc wizards
  Robin (D:3)
  9 gnolls
  14 adders
  An ufetubus (D:5)
  5 worms
  5 dart slugs
  28 orcs
  21 ball pythons
  12 bats
  6 endoplasms
  13 giant cockroaches
  11 hobgoblins
  2 jackals (D:5)
  6 quokkas
  10 frilled lizards
  13 goblins
  5 kobolds
  8 rats
  A butterfly (D:4)
198 creatures vanquished.

Notes
Turn   | Place    | Note
-------+----------+-------------------------------------------
     0 | D:1      | Azuregosa the Mummy Cinder Acolyte began the quest for the
                  | Orb.
     0 | D:1      | Reached XP level 1. HP: 18/18 MP: 2/2
    73 | D:2      | Identified the +8 dagger of Joyful Slaughter {venom, rElec
                  | rF+ Str+3}
   249 | D:1      | Reached XP level 2. HP: 24/24 MP: 4/4
   426 | D:1      | Reached skill level 1 in Short Blades
   605 | D:1      | Reached XP level 3. HP: 29/29 MP: 5/5
  1282 | D:2      | Reached skill level 4 in Fighting
  1289 | D:2      | Reached XP level 4. HP: 28/37 MP: 6/6
  1992 | D:3      | Reached XP level 5. HP: 43/43 MP: 7/7
  2075 | D:3      | Found an ancient bone altar of Kikubaaqudgha.
  2089 | D:3      | Noticed Robin
  2105 | D:3      | Killed Robin
  2405 | D:5      | Entered Level 5 of the Dungeon
  2426 | D:4      | Found a staircase to the Ecumenical Temple.
  2457 | Temple   | Entered the Ecumenical Temple
  2484 | D:4      | Reached skill level 5 in Fighting
  2571 | D:4      | Noticed Natasha
  2580 | D:4      | Killed Natasha
  2609 | D:4      | Noticed Natasha
  2621 | D:4      | Killed Natasha
  2622 | D:4      | Reached XP level 6. HP: 49/51 MP: 8/8
  2906 | D:4      | Noticed Natasha
  2911 | D:4      | Killed Natasha
  3127 | D:4      | Found an ornate altar of the Wu Jian Council.
  3455 | D:6      | Found a snail-covered altar of Cheibriados.
  3568 | D:6      | Found a glowing drain.
  3578 | Sewer    | Entered a sewer
  4140 | Sewer    | Reached skill level 6 in Fighting
  4246 | D:5      | Reached XP level 7. HP: 57/58 MP: 9/9
  4337 | D:5      | Found Logopt's General Store.
  4351 | D:5      | Bought a scroll of identify for 26 gold pieces
  4351 | D:5      | Bought a scroll of identify for 26 gold pieces
  4638 | D:5      | Found a burning altar of Makhleb.
  4638 | D:5      | Noticed a balrug
  5370 | D:6      | Reached skill level 7 in Fighting
  5370 | D:6      | Reached skill level 5 in Short Blades
  5606 | D:7      | Reached XP level 8. HP: 67/67 MP: 10/10
  5622 | D:7      | Found a burning altar of Makhleb.
  5746 | D:7      | Found a broken altar of Ashenzari.
  5887 | D:8      | Reached skill level 1 in Armour
  5887 | D:8      | Reached skill level 1 in Shields
  6448 | D:8      | Found a sparkling altar of Nemelex Xobeh.
  7051 | D:10     | Entered Level 10 of the Dungeon
  7076 | D:10     | Killed an unseen horror
  7077 | D:10     | Reached skill level 8 in Fighting
  7162 | D:9      | Noticed a two-headed ogre
  7180 | D:10     | Killed a two-headed ogre
  7181 | D:10     | Reached XP level 9. HP: 9/75 MP: 11/11
  7404 | D:9      | Noticed a two-headed ogre
  7419 | D:9      | HP: 3/75 [two-headed ogre/+0 giant spiked club (12)]
  7425 | D:9      | Mangled by a two-headed ogre

Illustrated notes

Levels and vault maps discovered:
D:1:      kennysheep_arrival_seaside, layout_basic,
          corexii_item_surrounded_by_moat
D:2:      minmay_general_purpose_star, layout_basic
D:3:      minmay_angry_zag, layout_rooms, general_overflow_altar, uniq_robin
D:4:      layout_basic, nicolae_wu_jian_immortal_techniques,
          minmay_temple_entry_butterflies, minmay_misc_feat_doors, uniq_natasha
D:5:      layout_loops_cross, makhleb_altar_promises_db, serial_shops,
          nicolae_square_shop
D:6:      layout_basic, mainiacjoe_overflow_24_doors, portal_sewer_entry_e
D:7:      layout_rooms, lemuel_tele_altar, serial_co_window_serial,
          co_window_paths_a, co_window_corner_a, co_window_paths_a,
          co_window_paths_a, co_window_corner_a, co_window_paths_a,
          co_window_paths_a, co_window_2corner, co_window_of_opportunity_b,
          co_window_paths_c, co_window_cross_4, co_window_cross_2,
          co_window_corner_b, co_window_corner_ca, co_window_4corner_a,
          glass_columns_a, glass_columns_a, glass_columns_c,
          hangedman_feature_mirror
D:8:      layout_basic, nemelex_diamond_rough_becter
D:9:      layout_basic, jmf_multi_god_temple, grunt_lair_entry_orc_guard_hut,
          gammafunk_ghost_spectres, st_stairs_4
D:10:     layout_basic, lemuel_round_altar, mainiacjoe_overflow_catwalk,
          hangedman_minor_magic
Temple:   hellmonk_temple_flake

Skill      XL: |  1  2  3  4  5  6  7  8 |
---------------+-------------------------+-----
Short Blades   | 1 2 3 4 5 6 |  6.4
Fighting       | 4 5 6 7 8 |  8.5
Armour         | 3 |  3.2
Shields        | 3 |  3.2
Polearms       | |  2.5
Spellcasting   | |  1.3
Fire Magic     | |  2.4

Action                     |  1- 3 |  4- 6 |  7- 9 || total
---------------------------+-------+-------+-------++-------
  Melee: Dagger            |    85 |   282 |   216 ||   583
         Spear             |     5 |       |       ||     5
         Punch             |       |     3 |       ||     3
  Evoke: Wand              |       |       |     6 ||     6
    Use: Scroll            |       |     5 |     6 ||    11
   Stab: Paralysed         |       |       |     2 ||     2
 Armour: Scale mail        |    14 |     3 |   122 ||   139
         Chain mail        |    33 |   176 |       ||   209
  Dodge: Dodged            |    46 |   149 |    85 ||   280
  Block: Buckler           |       |       |    28 ||    28

Table legend: (Time is in decaauts)
 A = Elapsed time spent in this place.
 B = Non-inter-level travel time spent in this place.
 C = Inter-level travel time spent in this place.
 D = Time resting spent in this place.
 E = Time spent auto-exploring this place.
 F = Levels seen in this place.
 G = Mean time per level.
                   A        B        C        D        E       F      G
               +--------+--------+--------+--------+--------+-----+--------+
         Total |   7379 |   7328 |     51 |    748 |   4645 |  12 |  614.9 |
       Dungeon |   6750 |   6699 |     51 |    448 |   4519 |  10 |  675.0 |
        Temple |      7 |      7 |      0 |      0 |      0 |   1 |    7.0 |
         Sewer |    620 |    620 |      0 |    300 |    125 |   1 |  620.0 |
               +--------+--------+--------+--------+--------+-----+--------+

Top non-repeatable levels by time:
     D:8: 1316 daAuts
     D:4: 979 daAuts
     D:1: 959 daAuts
     D:6: 891 daAuts
     D:2: 832 daAuts
     D:5: 709 daAuts
   Sewer: 620 daAuts
     D:3: 580 daAuts
     D:7: 183 daAuts
     D:9: 172 daAuts
    D:10: 126 daAuts
  Temple: 7 daAuts
